 Dungeon Crawl Stone Soup version 0.28-a0-1199-gef9e1dbd39 (webtiles) character file.

Game seed: 5340306844407403361

16422 Peloso the Carver (level 12, -1/106 HPs)
             Began as a Minotaur Fighter on Dec 19, 2021.
             Was a High Priest of Okawaru.
             Slain by an ice dragon (6 damage)
             ... on level 11 of the Dungeon.
             The game lasted 00:21:37 (12518 turns).

Peloso the Carver (Minotaur Fighter)               Turns: 12518, Time: 00:21:37

Health: -1/106     AC: 27    Str: 24    XL:     12   Next: 9%
Magic:  11/12      EV: 11    Int:  5    God:    Okawaru [*****.]
Gold:   246        SH:  9    Dex: 12    Spells: 11/11 levels left

rFire   . . .      SeeInvis .   a - +2 falchion (vorpal)
rCold   . . .      Faith    .   c - +1 buckler {AC+3}
rNeg    . . .      Spirit   .   O - +0 plate armour
rPois   +          Reflect  .   (helmet restricted)
rElec   .          Harm     .   (no cloak)
rCorr   .          Rampage  .   (no gloves)
Will    .....                   g - +1 pair of boots
Stlth   ..........              (no amulet)
HPRegen 0.27/turn               w - +4 ring of protection
MPRegen 0.13/turn               I - ring of poison resistance

@: mighty, heroic
A: horns 2, retaliatory headbutt
a: Renounce Religion, Heroism, Finesse, Duel


You were on level 11 of the Dungeon.
You worshipped Okawaru.
Okawaru was extremely pleased with you.
You visited 2 branches of the dungeon, and saw 12 of its levels.

You collected 564 gold pieces.
You spent 318 gold pieces at shops.

Inventory:

Hand Weapons
 a - a +2 vorpal falchion (weapon)
 b - a +2 whip of flaming
 x - a +0 hand crossbow
 M - a +1 long sword of holy wrath
Armour
 c - a +1 buckler of protection (worn)
 f - a +0 scale mail
 g - a +1 pair of boots (worn)
 y - a +0 chain mail
 O - a +0 plate armour (worn)
Jewellery
 p - a ring of wizardry
 w - a +4 ring of protection (left hand)
 A - an amulet of guardian spirit
 H - a ring of positive energy
 I - a ring of poison resistance (right hand)
Wands
 q - a wand of polymorph (14)
 u - a wand of charming (14)
 P - a wand of paralysis (10)
 Q - a wand of iceblast (15)
 R - a wand of digging (6)
Scrolls
 d - a scroll of fear
 l - 2 scrolls of identify
 o - a scroll of silence
 r - 5 scrolls of teleportation
 t - 4 scrolls of noise
 z - 3 scrolls of blinking
 B - 2 scrolls of amnesia
 E - 4 scrolls of fog
 J - 4 scrolls of enchant armour
 L - a scroll of enchant weapon {unknown}
Potions
 e - 2 potions of brilliance
 h - 2 potions of heal wounds
 i - a potion of experience {unknown}
 j - 4 potions of degeneration {unknown}
 k - 4 potions of curing {unknown}
 m - 5 potions of attraction {unknown}
 n - 2 potions of berserk rage {unknown}
 v - 2 potions of invisibility {unknown}
 C - a potion of flight {unknown}
 D - 3 potions of lignification {unknown}
 F - a potion of might
 K - a potion of ambrosia {unknown}
 N - a potion of mutation {unknown}
Miscellaneous
 s - a tin of tremorstones (2/2)
 G - a phial of floods


   Skills:
 + Level 9.7(14.7) Fighting
 + Level 14.2(19.2) Long Blades
 + Level 12.6(17.6) Armour
 + Level 4.2(9.2) Dodging
 + Level 1.2(6.2) Stealth
 + Level 10.9(15.9) Shields
 + Level 2.0 Invocations


You had 11 spell levels left.
You didn't know any spells.
Your spell library contained the following spells:

 Spells                   Type           Power      Damage    Failure   Level
 Beastly Appendage        Tmut           0%         N/A       98%         1
 Slow                     Hex            0%         N/A       98%         1
 Passwall                 Tmut/Erth      0%         N/A       99%         2
 Scorch                   Fire           0%         2d5       99%         2
 Wereblood                Tmut           0%         N/A       99%         2
 Portal Projectile        Hex/Tloc       0%         N/A       100%        3
 Spider Form              Tmut/Pois      0%         N/A       100%        3
 Swiftness                Air            0%         N/A       100%        3
 Flame Wave               Conj/Fire      0%         2d4       100%        4
 Alistair's Intoxication  Tmut/Pois      0%         N/A       100%        5
 Blade Hands              Tmut           0%         N/A       100%        5
 Borgnjor's Vile Clutch   Necr/Erth      0%         N/A       100%        5
 Excruciating Wounds      Necr           0%         N/A       100%        5
 Eringya's Noxious Bog    Tmut/Pois      0%         N/A       100%        6
 Summon Cactus Giant      Summ           Unusable   N/A       N/A         6

Dungeon Overview and Level Annotations

Branches:
Dungeon (11/15)            Temple (1/1) D:5            Lair (0/6) D:8
    Orc (0/2) D:9

Altars:
Ashenzari
Cheibriados
Dithmenos
Elyvilon
Fedhas
Gozag
Hepliaklqana
Kikubaaqudgha
Makhleb
Nemelex Xobeh
Okawaru
Qazlal
Ru
Sif Muna
Trog
Uskayaw
Vehumet
Wu Jian
Xom
Yredelemnul
Zin
The Shining One

Shops:
D:1 :   D:4 [   D:8 ?***   D:9 (   D:11 *

Portals:
Ice
Cave: D:11

Annotations:
D:5 1 runed translucent door, confidenceinterval's ghost, amateur DsNe


Innate Abilities, Weirdness & Mutations

You have a pair of horns on your head.
You reflexively headbutt those who attack you in melee.


Message History

You slash the polar bear! You headbutt the polar bear!
The polar bear is almost dead.
The polar bear bites you! You block the polar bear's attack.
The polar bear claws you but does no damage.
You slice the polar bear!!
You kill the polar bear!
Okawaru accepts your kill.
You slash the yak!
The yak is moderately wounded.
You slash the yak! You headbutt the yak!
You kill the yak!
Okawaru accepts your kill. The ice dragon breathes frost at you.
The blast of cold hits you! You block the ice dragon's attack. x3
Things that are here:
a yak corpse; a yak corpse You hit the ice dragon.
You headbutt the ice dragon!
The ice dragon is moderately wounded.
You slice the ice dragon!! Your headbutt misses the ice dragon.
The ice dragon is severely wounded.
The ice dragon breathes frost at you. The blast of cold hits you!!!
* * * LOW HITPOINT WARNING * * *
You closely miss the ice dragon.
The ice dragon is severely wounded.
You slash the ice dragon! Your headbutt misses the ice dragon.
The ice dragon is severely wounded.
You block the ice dragon's attack.
The ice dragon claws you but does no damage.
You block the ice dragon's attack.
You hit the ice dragon but do no damage.
You headbutt the ice dragon!
The ice dragon is almost dead.
The ice dragon bites you.
* * * LOW HITPOINT WARNING * * *
The ice dragon claws you.
* * * LOW HITPOINT WARNING * * *
The ice dragon tramples you.
You die...

,,.............###
.........l)......##
.............#....# **###
......##..#..#....# **,..#
.............#....# *,,..#
......##....###.### *##..###
............####.## ##.....#
.............# ##)# #......#
.............# #@##
#####......# ......[....###*#D#
#.......#### .>.#.......##
*..#**#......## ####........#
##..,*#.##.#..#
###>.....#..#**...**#**###..###
.........#..#*,....* #....##
..#......##.#*,.∩..* ###...#
.##.....##*.#*.....# ###..##
,*#.##..###.#**,,,** ###
#....#.


You could see an ice dragon (catching breath).

Vanquished Creatures
  Josephine (D:11)
  A boulder beetle (shapeshifter) (D:8)
  A centaur warrior (D:9)
  3 two-headed ogres
  A tengu warrior (D:9)
  Pikel (D:6)
  A cyclops (D:11)
  3 ugly things (D:8)
  A kobold demonologist (D:8)
  A komodo dragon (D:11)
  2 polar bears (D:11)
  A troll (D:8)
  Grinder (D:6)
  A hornet (D:7)
  A slime creature (D:8)
  5 wraiths
  19 yaks
  A wyvern (D:8)
  4 vampire mosquitoes (D:8)
  A steam dragon (D:8)
  2 acid dragons
  A water moccasin (D:7)
  6 orc warriors
  2 sky beasts
  2 ice beasts
  2 ogres
  A phantom (D:6)
  7 centaurs
  2 kobold brigands
  3 bullfrogs
  2 scorpions
  12 wights
  3 killer bees (D:6)
  5 howler monkeys
  2 electric eels (D:9)
  4 centaur zombies
  7 hounds
  2 jellies
  3 orc priests
  3 bullfrog skeletons
  2 centaur skeletons
  Natasha (twice) (D:4)
  3 orc wizards
  A hound zombie (D:5)
  A mummy (D:8)
  2 howler monkey zombies
  5 gnolls
  6 adders
  A shadow imp (D:5)
  2 white imps
  An ufetubus (D:3)
  An adder skeleton (D:4)
  4 worms
  2 dart slugs
  21 orcs
  12 ball pythons
  12 endoplasms
  A giant cockroach (D:1)
  3 goblins
  10 hobgoblins
  7 jackals (D:2)
  2 quokkas
  6 bats
  3 frilled lizards
  A hobgoblin zombie (D:8)
  5 kobolds
  3 kobold zombies (D:8)
  7 rats
247 creatures vanquished.

Vanquished Creatures (others)
  An orc wizard (D:6)
1 creature vanquished.

Grand Total: 248 creatures vanquished

Notes
Turn   | Place    | Note
-------+----------+-------------------------------------------
     0 | D:1      | Peloso the Minotaur Fighter began the quest for the Orb.
     0 | D:1      | Reached XP level 1. HP: 19/19 MP: 0/0
     3 | D:1      | Found Tahoah's Book Emporium.
   248 | D:1      | Reached XP level 2. HP: 18/26 MP: 1/1
   664 | D:1      | Reached XP level 3. HP: 33/33 MP: 2/2
   679 | D:1      | Found a faded altar of an unknown god.
   688 | D:1      | Got Plato's Incunabulum of Fascination
  1121 | D:2      | Reached skill level 3 in Long Blades
  1121 | D:2      | Reached XP level 4. HP: 29/40 MP: 3/3
  1882 | D:3      | Found a white marble altar of Elyvilon.
  2139 | D:3      | Reached XP level 5. HP: 34/46 MP: 4/4
  2141 | D:3      | Reached skill level 1 in Dodging
  2141 | D:3      | Reached skill level 5 in Shields
  2241 | D:3      | Reached skill level 4 in Long Blades
  2782 | D:4      | Found a sacrificial altar of Ru.
  3047 | D:4      | Noticed Natasha
  3060 | D:4      | Killed Natasha
  3405 | D:4      | Reached skill level 5 in Armour
  3405 | D:4      | Reached XP level 6. HP: 51/53 MP: 5/5
  3517 | D:4      | Reached skill level 5 in Long Blades
  3952 | D:4      | Found Piakegg's Armour Boutique.
  3997 | D:4      | Noticed Natasha
  4003 | D:4      | Killed Natasha
  4011 | D:5      | Entered Level 5 of the Dungeon
  4205 | D:5      | Reached XP level 7. HP: 38/60 MP: 6/6
  4210 | D:5      | Reached skill level 6 in Long Blades
  4760 | D:5      | Found a snail-covered altar of Cheibriados.
  4762 | D:5      | Found a stormy altar of Qazlal.
  4763 | D:5      | Found a basalt altar of Yredelemnul.
  4898 | D:5      | Found a runed translucent door.
  4898 | D:5      | Noticed confidenceinterval's ghost (amateur DsNe)
  4979 | D:5      | Found a staircase to the Ecumenical Temple.
  4988 | Temple   | Entered the Ecumenical Temple
  5031 | Temple   | Became a worshipper of Warmaster Okawaru
  5741 | D:6      | Reached XP level 8. HP: 67/67 MP: 7/7
  5766 | D:6      | Reached skill level 5 in Fighting
  5766 | D:6      | Reached skill level 7 in Long Blades
  5867 | D:6      | Reached * piety under Okawaru
  6345 | D:6      | Noticed Pikel
  6360 | D:6      | Killed Pikel
  6361 | D:6      | Reached skill level 8 in Long Blades
  6409 | D:6      | Noticed Grinder
  6427 | D:6      | Killed Grinder
  6428 | D:6      | Reached XP level 9. HP: 67/74 MP: 8/8
  6799 | D:7      | You fall into a shaft and drop 2 floors!
  6812 | D:9      | Reached ** piety under Okawaru
  6815 | D:9      | Reached skill level 9 in Long Blades
  6905 | D:8      | Found Jugoh's Magic Scroll Boutique.
  6969 | D:8      | Reached skill level 10 in Long Blades
  6995 | D:8      | Bought a scroll of noise for 13 gold pieces
  6995 | D:8      | Bought a scroll of teleportation for 39 gold pieces
  7085 | D:8      | Found Keinwasa's General Store.
  7091 | D:8      | Reached skill level 10 in Armour
  7113 | D:8      | Found a staircase to the Lair.
  7121 | D:8      | Noticed a two-headed ogre
  7129 | D:8      | Killed a two-headed ogre
  7129 | D:8      | Reached *** piety under Okawaru
  7130 | D:8      | Reached XP level 10. HP: 35/84 MP: 9/9
  7491 | D:8      | Found a broken altar of Ashenzari.
  7492 | D:8      | Found a glowing silver altar of Zin.
  7517 | D:8      | Reached skill level 11 in Long Blades
  7741 | D:8      | Found a radiant altar of Vehumet.
  7741 | D:8      | Found a shadowy altar of Dithmenos.
  7757 | D:8      | Reached **** piety under Okawaru
  7798 | D:8      | Noticed a red ugly thing
  7800 | D:8      | Noticed a purple ugly thing
  7800 | D:8      | Noticed a purple ugly thing
  7827 | D:8      | Killed a cyan ugly thing
  7841 | D:8      | Killed a purple ugly thing
  8081 | D:8      | Killed a purple ugly thing
  8082 | D:8      | Reached skill level 12 in Long Blades
  8125 | D:8      | Found Goofot's General Store.
  8319 | D:8      | Found Adocaalu's General Store.
  8332 | D:8      | Found a shadowy altar of Dithmenos.
  8332 | D:8      | Found a glowing golden altar of the Shining One.
  8393 | D:8      | Noticed a two-headed ogre
  8405 | D:8      | Killed a two-headed ogre
  8405 | D:8      | Reached ***** piety under Okawaru
  8406 | D:8      | Reached skill level 1 in Stealth
  8406 | D:8      | Reached skill level 1 in Invocations
  8565 | D:8      | Noticed a +0 falchion
  8566 | D:8      | Noticed a +0 dagger
  8566 | D:8      | Noticed a +0 short sword
  8566 | D:8      | Noticed a +0 short sword
  8567 | D:8      | Noticed a +0 dagger
  8567 | D:8      | Noticed a +0 falchion
  8569 | D:8      | Noticed a +0 spear
  8570 | D:8      | Noticed a +0 spear
  8579 | D:8      | Found a hide-covered altar of Uskayaw.
  8711 | D:8      | Noticed a boulder beetle
  8732 | D:8      | Killed a boulder beetle
  8733 | D:8      | Reached XP level 11. HP: 37/94 MP: 7/10
  8989 | D:8      | Bought 3 scrolls of identify for 78 gold pieces
  9467 | D:9      | Found Hifacs's Antique Weapon Shoppe.
  9492 | D:9      | Bought a glowing long sword for 188 gold pieces
  9637 | D:9      | Noticed a two-headed ogre
  9668 | D:9      | Killed a two-headed ogre
  9815 | D:9      | Noticed a centaur warrior
  9824 | D:9      | Killed a centaur warrior
  9824 | D:9      | Received a gift from Okawaru
  9853 | D:9      | Noticed a tengu warrior
 10074 | D:9      | Killed a tengu warrior
 10075 | D:9      | Reached skill level 10 in Shields
 10199 | D:9      | Found a staircase to the Orcish Mines.
 10348 | D:9      | Reached skill level 13 in Long Blades
 10447 | D:9      | Identified the +1 ring mail of Twilight {rPois Dex+3
                  | Stlth-}
 10783 | D:7      | Found a burning altar of Makhleb.
 11365 | D:10     | Entered Level 10 of the Dungeon
 12281 | D:11     | Noticed Josephine
 12323 | D:11     | Killed Josephine
 12345 | D:11     | Found Zin's Purification Station.
 12354 | D:11     | Found a glowing silver altar of Zin.
 12462 | D:11     | Found a frozen archway.
 12463 | D:11     | Noticed an ice dragon
 12470 | D:11     | Reached skill level 14 in Long Blades
 12483 | D:11     | Reached XP level 12. HP: 87/105 MP: 10/12
 12518 | D:11     | HP: 5/106 [ice dragon (2)]
 12518 | D:11     | Slain by an ice dragon

Illustrated notes

Levels and vault maps discovered:
D:1:      dpeg_arrival_arbitrary_c, layout_basic,
          shapermc_ecumenical_altar_rom_forum, serial_shops, nicolae_square_shop
D:2:      layout_rooms, glass_columns_a
D:3:      layout_basic, lemuel_tele_altar
D:4:      minmay_recursive_quarters, layout_loops_ring,
          mainiacjoe_overflow_concentric_impassable, serial_shops, shop,
          uniq_natasha
D:5:      layout_layer_cave, chequers_temple_overflow_statue_of_worship,
          minmay_temple_entry_poolview, hellmonk_ghost_happy_afterlife
D:6:      layout_loops_cross, uniq_grinder, uniq_pikel
D:7:      layout_loops_ring, makhleb_blood_cavern_becter, minmay_checkerbox
D:8:      minmay_the_grid_octo_triangle [minmay_the_grid_octo_shrine,
          minmay_the_grid_octo_prize_big_c, minmay_the_grid_octo_checkerflower],
          layout_rooms, gammafunk_temple_overflow_statue,
          nicolae_uskayaw_en_pointe, lair_entry_dummy, serial_shops,
          nicolae_shop_crystal, shop, shop, nicolae_take_the_stairs,
          minmay_mini_ossuary
D:9:      layout_rooms, orc_0_dummy, serial_shops, nicolae_shop_statue_plus,
          kennysheep_big_empty_room, serial_park_tiny_pond, minmay_bent
D:10:     layout_loops_ring
D:11:     layout_cave_pools, portal_ice_cave_entry_animals_and_master,
          zin_purify, uniq_urug, uniq_grum, uniq_josephine
Temple:   dshaligram_water_room_temple

Skill      XL: |  1  2  3  4  5  6  7  8  9 10 11 |
---------------+----------------------------------+-----
Shields        | 4 5 7 8 9 10 | 10.9
Armour         | 4 5 7 9 10 11 12 | 12.6
Long Blades    | 3 4 5 6 8 10 12 14 | 14.2
Fighting       | 4 5 6 8 9 |  9.7
Dodging        | 1 2 3 4 |  4.2
Stealth        | 1 |  1.2
Invocations    | 1 2 |  2.0

Action                   |  1- 3 |  4- 6 |  7- 9 | 10-12 || total
-------------------------+-------+-------+-------+-------++-------
Melee: Long sword        |    81 |   131 |   239 |       ||   451
       Headbutt          |     9 |    23 |    70 |   125 ||   227
       Falchion          |       |       |    14 |   492 ||   506
Invok: Heroism           |       |       |     2 |    13 ||    15
  Use: Scroll            |       |     2 |     1 |     7 ||    10
       Potion            |       |       |     1 |     3 ||     4
Armor: Scale mail        |    58 |    55 |    54 |       ||   167
       Chain mail        |       |       |    73 |    65 ||   138
       Plate armour      |       |       |       |    97 ||    97
Dodge: Dodged            |    47 |    45 |    81 |   116 ||   289
Block: Buckler           |    27 |     8 |       |    68 ||   103
       Kite shield       |       |    54 |   131 |    85 ||   270

Table legend: (Time is in decaauts)
 A = Elapsed time spent in this place.
 B = Non-inter-level travel time spent in this place.
 C = Inter-level travel time spent in this place.
 D = Time resting spent in this place.
 E = Time spent auto-exploring this place.
 F = Levels seen in this place.
 G = Mean time per level.
                   A        B        C        D        E       F      G
               +--------+--------+--------+--------+--------+-----+--------+
         Total |  12474 |  12063 |    411 |   1105 |   8213 |  12 | 1039.5 |
       Dungeon |  12420 |  12009 |    411 |   1105 |   8209 |  11 | 1129.1 |
        Temple |     53 |     53 |      0 |      0 |      4 |   1 |   53.0 |
               +--------+--------+--------+--------+--------+-----+--------+

Top non-repeatable levels by time:
     D:8: 2313 daAuts
     D:4: 1442 daAuts
     D:9: 1415 daAuts
     D:5: 1362 daAuts
     D:6: 1246 daAuts
     D:3: 1139 daAuts
     D:1: 953 daAuts
    D:10: 879 daAuts
     D:7: 763 daAuts
     D:2: 708 daAuts
    D:11: 196 daAuts
  Temple: 53 daAuts
